 Dungeon Crawl Stone Soup version 0.30-a0-422-g946f4849ff (webtiles) character file.

Game seed: 8601521735363080804

93 Shayle the Trooper (level 4, 35/35 HPs)
             Began as a Demonspawn Reaver on Dec 9, 2022.
             Quit the game on level 2 of the Dungeon.
             The game lasted 00:03:17 (1386 turns).

Shayle the Trooper (Demonspawn Reaver)              Turns: 1386, Time: 00:03:18

Health: 35/35      AC:  5    Str: 12    XL:     4   Next: 37%
Magic:  7/7        EV: 11    Int: 16    God:
Gold:   112        SH:  0    Dex: 12    Spells: 6/7 levels left

rFire   . . .      SeeInvis .    f - +1 dagger (venom)
rCold   . . .      Faith    .    (no shield)
rNeg    . . .      Spirit   .    b - +0 leather armour
rPois   .          Reflect  .    (helmet restricted)
rElec   .          Harm     .    (no cloak)
rCorr   .          Rampage  .    (no gloves)
Will    .....                    (no boots)
Stlth   ++........               (no amulet)
HPRegen 0.25/turn                (no ring)
MPRegen 0.10/turn                (no ring)

@: no status effects
A: horns 1, thin metallic scales 1, powered by pain 1
a: no special abilities


You were on level 2 of the Dungeon.
You visited 1 branch of the dungeon, and saw 2 of its levels.

You collected 112 gold pieces.

Inventory:

Hand Weapons
 a - a +0 hand axe
 f - a +1 dagger of venom (weapon)
Armour
 b - a +0 leather armour (worn)
Scrolls
 c - a scroll of vulnerability {unknown}
 d - 2 scrolls of identify {unknown}
Potions
 e - 3 potions of haste {unknown}
 g - a potion of berserk rage {unknown}


   Skills:
 + Level 3.1 Fighting
 - Level 2.6 Axes
 + Level 2.0 Armour
 - Level 1.7 Dodging
 + Level 2.1 Stealth
 - Level 2.0 Spellcasting
 - Level 3.0 Conjurations


You had 6 spell levels left.
You knew the following spells:

 Your Spells              Type           Power      Damage    Failure   Level
a - Kiss of Death         Conj/Necr      24%        2d7       14%         1

Your spell library contained the following spells:

 Spells                   Type           Power      Damage    Failure   Level
 Momentum Strike          Conj/Tloc      12%        3d8       22%         2
 Hailstorm                Conj/Ice       6%         3d4       38%         3


Dungeon Overview and Level Annotations

Branches:
Dungeon (2/15)

Altars:


Innate Abilities, Weirdness & Mutations

You have a pair of small horns on your head.
You are partially covered in thin metallic scales. (AC +2)
You sometimes gain a little power by taking damage.


Message History

You barely miss the gnoll. Your headbutt misses the gnoll.
The gnoll is moderately wounded.
The gnoll hits you with a +0 whip.
You hit the gnoll but do no damage.
The gnoll looks as sick as possible!
The gnoll is moderately wounded.
The gnoll hits you with a +0 whip.
You hit the gnoll. You headbutt the gnoll.
You kill the gnoll!
A gnoll comes into view. It is wielding a +0 club.
The gnoll shouts!
Items here: $ )) ? †.
You see here a hobgoblin corpse.
You see here an adder corpse.
You see here a hobgoblin corpse.
You see here an adder corpse.
You see here an adder corpse.
The gnoll closely misses you.
You see here a hobgoblin corpse.
You closely miss the gnoll. The gnoll closely misses you.
You barely miss the gnoll. The gnoll hits you with a +0 club.
You hit the gnoll.
The gnoll is poisoned.
The gnoll is moderately wounded.
The gnoll completely misses you.
You hit the gnoll.
The gnoll looks even sicker.
The gnoll is moderately wounded.
The gnoll hits you with a +0 club.
You hit the gnoll.
The gnoll looks as sick as possible!
You headbutt the gnoll, but do no damage.
The gnoll is heavily wounded.
The gnoll misses you.
You hit the gnoll.
You kill the gnoll!
Your Armour skill increases to level 2!
A gnoll comes into view. It is wielding a +0 spear.
Items here: $ ))) ? ††.
You see here a hobgoblin corpse.
You see here an adder corpse.
You start resting.
HP restored.
Are you sure you want to abandon this character and quit the game? (Confirm with "yes".)

#.#.# # .#.# .# ..#
#.##.# #.# .. #.###
#### #)# # ... ..# #†#
# ...# #.# #†#
###.#.#####.########.#
...##.##........@....#
#.###.##.##.########.#
#............# #.#
...>.........# #.#
####.###.###.# #.#
#.....# ... ..#
####### #### ###


There were no monsters in sight!

Vanquished Creatures
  3 gnolls (D:2)
  2 adders (D:2)
  3 dart slugs (D:1)
  A ball python (D:1)
  5 endoplasms (D:1)
  2 giant cockroaches (D:1)
  6 hobgoblins
  3 jackals (D:1)
  3 kobolds (D:1)
  A quokka (D:1)
  4 bats
  6 rats (D:1)
39 creatures vanquished.

Notes
Turn   | Place    | Note
-------+----------+-------------------------------------------
     0 | D:1      | Shayle the Demonspawn Reaver began the quest for the Orb.
     0 | D:1      | Reached XP level 1. HP: 16/16 MP: 3/3
   242 | D:1      | Gained mutation: You sometimes gain a little power by
                  | taking damage. [demonic ancestry]
   242 | D:1      | Reached XP level 2. HP: 8/22 MP: 5/5
   501 | D:1      | Reached skill level 1 in Stealth
   652 | D:1      | Reached skill level 1 in Armour
   756 | D:1      | Gained mutation: You are partially covered in thin metallic
                  | scales. (AC +2) [demonic ancestry]
   756 | D:1      | Reached XP level 3. HP: 13/28 MP: 6/6
  1247 | D:2      | Found a faded altar of an unknown god.
  1307 | D:2      | Gained mutation: You have a pair of small horns on your
                  | head. [demonic ancestry]
  1307 | D:2      | Reached XP level 4. HP: 35/35 MP: 7/7
  1386 | D:2      | Quit the game

Illustrated notes

Levels and vault maps discovered:
D:1:      dpeg_arrival_oval, layout_basic, chequers_serial_rivers_large_b
D:2:      layout_loops_ring, ebering_ecumenical_altar_mist

Skill      XL: |  1  2  3  4 |
---------------+-------------+-----
Stealth        | 1 2 |  2.1
Armour         | 1 2 |  2.0
Fighting       | 3 |  3.1
Axes           | |  2.6
Dodging        | |  1.7
Spellcasting   | |  2.0
Conjurations   | |  3.0

Action                   |  1- 3 |  4- 6 || total
-------------------------+-------+-------++-------
Melee: Hand axe          |   124 |       ||   124
       Dagger            |    21 |    10 ||    31
       Headbutt          |       |     2 ||     2
 Stab: Sleeping          |     2 |       ||     2
Armor: Leather armour    |    68 |       ||    68
Dodge: Dodged            |    84 |     5 ||    89

Table legend: (Time is in decaauts)
 A = Elapsed time spent in this place.
 B = Non-inter-level travel time spent in this place.
 C = Inter-level travel time spent in this place.
 D = Time resting spent in this place.
 E = Time spent auto-exploring this place.
 F = Levels seen in this place.
 G = Mean time per level.
                   A        B        C        D        E       F      G
               +--------+--------+--------+--------+--------+-----+--------+
         Total |   1434 |   1338 |     96 |    189 |    771 |   2 |  717.0 |
       Dungeon |   1434 |   1338 |     96 |    189 |    771 |   2 |  717.0 |
               +--------+--------+--------+--------+--------+-----+--------+

Top non-repeatable levels by time:
     D:1: 1277 daAuts
     D:2: 156 daAuts
